AoeStats
← ABdirtyoil

Glade

510467119Analyzed
1v1 RM · 2d ago on Oct 1, 2026· 52m 9s· 2 players
Game mode
Random Map
Map size
Tiny (2 player)
Population
200
Speed
Normal
Resources
Standard
Victory
Conquest
Starting age
Dark Age
Ending age
Imperial Age
RankedLock teamsTeams togetherTeam positionsShared explorationLock speedFull tech treeHidden civsTurbo modeCheats
Victory
Defeat
🇨🇦 Chinese · Canada
959
+16
🇧🇷 Britons · Brazil
969
-16
ABdirtyoil
1:15 Loom
12:04 Feudal Age
12:54 Double-Bit Axe
16:43 Gold Mining
17:56 Fletching
18:39 Padded Archer Armor
21:00 Wheelbarrow
20:24 Horse Collar
25:40 Castle Age
24:49 Bloodlines
26:45 Husbandry
27:16 Heavy Plow
28:31 Scale Barding Armor
29:51 Bow Saw
30:38 Elite Skirmisher
31:24 Thumb Ring
31:41 Hand Cart
31:44 Bodkin Arrow
33:47 Leather Archer Armor
37:04 Town Watch
37:33 Forging
37:25 Scale Mail Armor
40:39 Imperial Age
42:07 Bracer
42:38 Ring Archer Armor
43:40 Iron Casting
43:21 Chain Mail Armor
48:12 Ballistics
48:04 Masonry
51:06 Gold Shaft Mining
50:22 Stone Mining
51:28 Pikeman
52:09 Squires
ederadriano01
2:04 Loom
10:53 Feudal Age
11:22 Double-Bit Axe
12:04 Horse Collar
17:39 Castle Age
16:47 Fletching
17:57 Padded Archer Armor
18:36 Elite Skirmisher
22:49 Town Watch
28:09 Bodkin Arrow
31:57 Wheelbarrow
33:16 Heavy Plow
33:15 Pikeman
40:01 Imperial Age
38:30 Hand Cart
39:39 Leather Archer Armor
41:23 Conscription
44:31 Hoardings
44:31 Bracer
45:32 Cavalier
Connection lost

Rejoining the realm…

Still unreachable

The connection could not be restored.

Session expired

The server has moved on; the page needs a fresh start.